 Dungeon Crawl Stone Soup version 0.29.1-1-gd02db6906a (webtiles) character file.

Game seed: 14182047602228942773

0 NullDivider the Stinger (level 1, 0/11 HPs)
             Began as an Octopode Venom Mage on Sept 27, 2022.
             Succumbed to a goblin's poison
             ... on level 1 of the Dungeon.
             The game lasted 00:00:26 (14 turns).

NullDivider the Stinger (Octopode Venom Mage)         Turns: 14, Time: 00:00:27

Health: 0/11       AC:  1    Str:  7    XL:     1   Next: 0%
Magic:  2/3        EV: 13    Int: 17    God:
Gold:   0          SH:  0    Dex: 12    Spells: 3/4 levels left

rFire   . . .      SeeInvis .   (no weapon)
rCold   . . .      Faith    .   (no shield)
rNeg    . . .      Spirit   .   (helmet restricted)
rPois   .          Reflect  .   (no amulet)
rElec   .          Harm     .   (no ring)
rCorr   .          Rampage  .   (no ring)
Will    .....                   (no ring)
Stlth   +++.......              (no ring)
HPRegen 0.03/turn               (no ring)
MPRegen 0.08/turn               (no ring)
                                (no ring)
                                (no ring)

@: lethally poisoned (0 -> -6)
A: almost no armour, amphibious, 8 rings, camouflage 1, gelatinous body 1,
(nimble swimmer 1), tentacles
a: no special abilities


You were on level 1 of the Dungeon.
You visited 1 branch of the dungeon, and saw 1 of its levels.

Inventory:

Potions
 a - a potion of magic


   Skills:
 * Level 2.0 Dodging
 * Level 2.6 Stealth
 * Level 2.0 Spellcasting
 + Level 1.0 Transmutations
 * Level 3.6 Poison Magic


You had 3 spell levels left.
You knew the following spells:

 Your Spells              Type           Power      Damage    Failure   Level
a - Sting                 Tmut/Pois      36%        1d4       8%          1

Your spell library contained the following spells:

 Spells                   Type           Power      Damage    Failure   Level
 Poisonous Vapours        Pois/Air       14%        N/A       14%         2
 Mephitic Cloud           Conj/Pois/Air  5%         N/A       34%         3
 Olgreb's Toxic Radiance  Pois           14%        N/A       41%         4


Dungeon Overview and Level Annotations

Branches:
Dungeon (1/15)

Altars:


Innate Abilities, Weirdness & Mutations

You cannot wear most types of armour.
You are amphibious.
You can wear up to eight rings at the same time.
Your skin changes colour to match your surroundings (Stealth+).
Your rubbery body absorbs attacks. (AC +1, EV +1)
((You are camouflaged when in or above water. (Stealth+)))
You have tentacles for arms and can constrict up to eight enemies at once.


Message History

Found 7 stones.
The goblin shouts! x2
A ball python comes into view.
A goblin comes into view. It is wielding a +0 dagger.
A dart slug comes into view.
The ball python hisses angrily.
You tentacle-slap the goblin. Your grab misses the goblin.
Your squeeze misses the goblin.
The goblin is moderately wounded.
The goblin hits you with a +0 club.
You tentacle-slap the goblin but do no damage.
Your grab misses the goblin. Your squeeze misses the goblin.
The goblin is moderately wounded.
A jackal comes into view.
The goblin hits you with a +0 club. The goblin misses you.
You are too injured to fight recklessly!
You are too injured to fight recklessly!
You are too injured to fight recklessly!
You are too injured to fight recklessly!
The goblin attacks as you move away!
The goblin hits you with a +1 dagger of venom.
* * * LOW HITPOINT WARNING * * *
You are lethally poisoned!
The goblin attacks as you move away! The goblin closely misses you.
* * * LOW HITPOINT WARNING * * *
You feel sick.
Your magic is already full.
You are too injured to fight recklessly!
You are too injured to fight recklessly!
You are too injured to fight recklessly!
You are too injured to fight recklessly!
Casting: Sting (safe; 8% risk of failure)
Confirm with . or Enter, or press ? or * to list all spells.
Aiming: Sting (safe; 8% risk of failure)
Press: ? - help, Shift-Dir - straight line, f - goblin
Aim: a goblin, wielding a +0 club (moderately wounded, 60% to hit)
The sting hits the goblin.
The goblin is poisoned.
You kill the goblin!
The jackal barks!
You die...

.####.# .#.# ##
....#.# .#.# ..#
#....# ...#
...###....###.g..# #
............. ..##.#
...........###.....#.
.............)....)..
.[..........@g(...hw.
##+###'##.##..S..#..
#≈.≈≈≈§≈#....#...#
#§≈.≈.§≈#..#.#...#
...#§§...≈≈#.##.# ..#
.....§.<.§......( ..#
...#≈≈.§§≈§#.#... ..
. #≈≈.§§≈≈#.###. ...
#≈§§§§.≈# .


You could see a dart slug, a jackal, a goblin and a ball python.

Vanquished Creatures
  A goblin (D:1)
1 creature vanquished.

Notes
Turn   | Place    | Note
-------+----------+-------------------------------------------
     0 | D:1      | NullDivider the Octopode Venom Mage began the quest for the
                  | Orb.
     0 | D:1      | Reached XP level 1. HP: 11/11 MP: 3/3
    14 | D:1      | Succumbed to a goblin's poison

Illustrated notes

Levels and vault maps discovered:
D:1:      ncdulo_lavacross, layout_rooms, hellmonk_ecumenical_altar_arch_garden

Action                   || total
-------------------------++-------
Melee: Unarmed           ||     2
 Cast: Sting             ||     1
Dodge: Dodged            ||     2
